AoeStats
← maltax3

Lombardia

510011786Analyzed
3v3 RM · 3d ago on Sep 29, 2026· 49m 43s· 6 players
Game mode
Random Map
Map size
Normal (6 player)
Population
200
Speed
Normal
Resources
Standard
Victory
Conquest
Starting age
Dark Age
Ending age
Imperial Age
RankedLock teamsTeams togetherTeam positionsShared explorationLock speedFull tech treeHidden civsTurbo modeCheats
Victory
Defeat
🇦🇷 Magyars · Argentina
1089
+13
🇦🇷 Britons · Argentina
1013
+16
🇦🇷 Burgundians · Argentina
988
+18
🇨🇱 Mapuche · Chile
1055
-16
🇨🇱 Khmer · Chile
1021
-16
🇦🇷 Koreans · Argentina
997
-15
Keikz
6:45 Loom
13:38 Feudal Age
18:04 Castle Age
18:18 Double-Bit Axe
21:39 Crossbowman
22:10 Horse Collar
25:27 Wheelbarrow
26:30 Fletching
28:09 Ballistics
29:44 Hand Cart
29:16 Town Watch
36:17 Imperial Age
36:07 Gold Mining
37:05 Heavy Plow
38:09 Chemistry
37:04 Elite War Wagon
38:56 Bodkin Arrow
40:30 Conscription
40:28 Bracer
42:33 Siege Engineers
49:43 Husbandry
Hinokami
6:08 Loom
10:43 Feudal Age
11:18 Double-Bit Axe
13:27 Champi Runner
15:39 Fletching
17:07 Padded Archer Armor
21:10 Castle Age
20:29 Horse Collar
22:01 Bow Saw
22:15 Bodkin Arrow
29:16 Leather Archer Armor
37:58 Ballistics
40:36 Elite Skirmisher
44:13 Wheelbarrow
maltax3
10:57 Feudal Age
11:25 Double-Bit Axe
11:22 Horse Collar
17:49 Castle Age
18:00 Pikeman
21:38 Gold Mining
22:34 Bow Saw
26:19 Wheelbarrow
35:37 Imperial Age
33:32 Loom
39:09 Siege Engineers
40:38 Chemistry
45:34 Heavy Scorpion
Nacho091218
3:30 Loom
10:38 Feudal Age
9:19 Double-Bit Axe
11:56 Horse Collar
13:16 Heavy Plow
18:39 Castle Age
17:56 Gold Mining
20:51 Stone Mining
21:24 Forging
24:28 Cavalier
28:04 Scale Barding Armor
31:58 Gold Shaft Mining
31:38 Bow Saw
33:09 Chain Barding Armor
32:57 Padded Archer Armor
34:29 Iron Casting
41:05 Imperial Age
41:19 Paladin
43:59 Onager
48:07 Blast Furnace
49:37 Plate Barding Armor
Sosji6422
7:44 Loom
9:41 Feudal Age
8:00 Loom
10:28 Double-Bit Axe
11:22 Horse Collar
16:09 Fletching
22:50 Castle Age
22:05 Padded Archer Armor
23:08 Crossbowman
23:45 Bodkin Arrow
25:57 Leather Archer Armor
26:37 Ballistics
28:21 Bow Saw
28:05 Gold Mining
28:16 Heavy Plow
28:11 Stone Mining
28:18 Light Cavalry
32:13 Gold Shaft Mining
32:21 Scale Barding Armor
34:22 Chain Barding Armor
34:10 Town Watch
35:13 Forging
39:31 Yeomen
42:00 Imperial Age
42:07 Elite Longbowman
42:52 Bracer
44:31 Two-Man Saw
46:51 Ring Archer Armor
Arquitecto3870
10:06 Feudal Age
10:52 Double-Bit Axe
10:59 Loom
12:10 Horse Collar
18:28 Castle Age
16:44 Gold Mining
17:15 Fletching
18:25 Scale Barding Armor
19:26 Bodkin Arrow
20:25 Bow Saw
23:09 Bloodlines
23:01 Heavy Plow
25:14 Thumb Ring
28:23 Wheelbarrow
30:55 Stone Mining
32:03 Ballistics
34:00 Husbandry
34:21 Chain Barding Armor
37:04 Imperial Age
34:50 Light Cavalry
36:35 Corvinian Army
36:59 Masonry
36:29 Treadmill Crane
37:09 Elite Magyar Huszar
38:52 Parthian Tactics
38:54 Heavy Cavalry Archer
42:00 Plate Barding Armor
41:29 Bracer
41:58 Recurve Bow
42:41 Hand Cart
44:43 Chemistry
48:30 Siege Engineers
48:27 Padded Archer Armor
47:48 Elite Skirmisher
47:51 Man-at-Arms
Connection lost

Rejoining the realm…

Still unreachable

The connection could not be restored.

Session expired

The server has moved on; the page needs a fresh start.